 Dungeon Crawl Stone Soup version 0.26-a0-572-g753d7e3450 (webtiles) character file.

Game seed: 9917402627479310162

7674 MrRokkomies the Cleaver (level 10, -2/97 HPs)
             Began as a Palentonga Fighter on Aug 21, 2020.
             Was a Priest of Ru.
             Slain by a hell knight
             ... wielding a +2 flail of flaming
              (15 damage)
             ... in a volcano.
             The game lasted 00:25:28 (14164 turns).

MrRokkomies the Cleaver (Palentonga Fighter)       Turns: 14164, Time: 00:25:29

Health: -2/97      AC: 10    Str: 20    XL:     10   Next: 99%
Magic:  10/10      EV: 12    Int:  8    God:    Ru [***...]
Gold:   564        SH:  5    Dex: 13    Spells: 9/9 levels left

rFire    + . .     SeeInvis +   a - +4 battleaxe (freeze)
rCold    . . .     Faith    .   (shield currently unavailable)
rNeg     . . .     Spirit   .   j - +1 robe {rF+}
rPois    .         Reflect  +   l - +1 helmet
rElec    .         Harm     .   f - +0 cloak
rCorr    .                      K - +0 pair of gloves
MR       +....                  (no barding)
Stlth    +.........             v - amulet of reflection
HPRegen  0.26/turn              b - ring of protection from magic
MPRegen  0.12/turn              t - ring of flight

@: mighty, exhausted, lightly drained
A: large, rugged brown scales 3, see invisible, deformed body, unskilled 1,
inexperienced 1, roll, armoured tail
a: Rolling Charge, Draw Out Power, Renounce Religion, Evoke Flight


You were in a volcano.
You worshipped Ru.
Ru was most pleased with you.
You visited 3 branches of the dungeon, and saw 14 of its levels.
You also visited: Ossuary and Volcano.

You collected 564 gold pieces.

Inventory:

Hand Weapons
 a - a +4 battleaxe of freezing (weapon)
 G - a +1 hand axe of electrocution
Missiles
 m - a throwing net
 p - 13 boomerangs
 q - 65 poisoned darts (quivered)
 r - 5 javelins
Armour
 f - a +0 cloak (worn)
 j - a +1 robe of fire resistance (worn)
 l - a +1 helmet (worn)
 J - a +2 leather armour of poison resistance
 K - a +0 pair of gloves (worn)
Jewellery
 b - a ring of protection from magic (left hand)
 e - an uncursed ring of wizardry
 s - an uncursed ring of wizardry
 t - a ring of flight (right hand)
 v - an amulet of reflection (around neck)
Wands
 c - a wand of random effects (8)
 k - a wand of polymorph (18)
 y - a wand of disintegration (10)
 A - a wand of paralysis (7)
 F - a wand of acid (22)
 H - a wand of flame (37)
Scrolls
 g - a scroll of fear
 i - 6 scrolls of teleportation
 o - a scroll of enchant armour
 u - 3 scrolls of remove curse
 w - 4 scrolls of identify
 x - a scroll of magic mapping
 I - 5 scrolls of amnesia
 L - a scroll of fog
Potions
 d - 3 potions of might
 h - 2 potions of stabbing
 n - 3 potions of curing
 z - a potion of magic {unknown}
 B - 2 potions of mutation {unknown}
 C - a potion of lignification {unknown}
 D - 5 potions of brilliance {unknown}
Miscellaneous
 E - a box of beasts (3/3)


   Skills:
 + Level 9.6(9.2) Fighting
 * Level 10.5(10.1) Axes
 - Level 5.0(4.6) Armour
 * Level 5.8(5.5) Dodging
   Level 2.1(1.8) Shields
 + Level 1.9(1.6) Evocations


You had 9 spell levels left.
You didn't know any spells.
Your spell library contained the following spells:

 Spells                   Type           Power        Failure   Level
 Corona                   Hex            #......      41%         1
 Ensorcelled Hibernation  Hex/Ice        #.....       54%         2
 Passwall                 Tmut/Erth      #.......     54%         2
 Swiftness                Air            #.......     54%         2
 Confusing Touch          Hex            #.......     78%         3
 Dazzling Flash           Conj/Hex       #.....       78%         3
 Tukima's Dance           Hex            #.......     78%         3
 Passage of Golubria      Tloc           N/A          99%         4
 Lee's Rapid Deconstruct  Erth           #.........   100%        5
 Invisibility             Hex            #.......     100%        6


Dungeon Overview and Level Annotations

Branches:
Dungeon (11/15)            Temple (1/1) D:7            Lair (2/6) D:10
  Swamp (0/4) Lair:2      Ossuary (visited)         Volcano (1/1)
  Snake: Lair:2-4    Spider: Lair:2-4       Orc: D:9-12

Altars:
Ashenzari
Cheibriados
Dithmenos
Elyvilon
Fedhas
Gozag
Hepliaklqana
Kikubaaqudgha
Makhleb
Nemelex Xobeh
Okawaru
Qazlal
Ru
Sif Muna
Trog
Uskayaw
Vehumet
Wu Jian
Xom
Yredelemnul
Zin
The Shining One

Annotations:
D:10 1 runed translucent door


Innate Abilities, Weirdness & Mutations

You are completely covered in rugged brown scales. (AC +3, +7% HP)
You have supernaturally acute eyesight. (SInv)
Armour fits poorly on your strangely shaped body.
You are somewhat unskilled. (-1 Apt)
You are somewhat inexperienced. (-2 XL)
You can roll at foes to attack.
You have a long armoured tail.


Message History

You slash the hell knight! You freeze the hell knight.
The hell knight is heavily wounded.
The air gets thick with the scent of sulphur.
The hell knight gestures at you while chanting.
You easily resist.
The hell knight hits you but does no damage.
Unknown command.
You feel very mighty all of a sudden.
The hell knight begins to cast a spell, but is stunned by your will!
You are restored by drawing out deep reserves of power within.
You feel drained. The hell knight barely misses you.
You barely miss the hell knight.
The hell knight is heavily wounded.
In the distance, the volcano erupts with a roar.
The hell knight hits you with a +2 flail of flaming!!
* * * LOW HITPOINT WARNING * * *
The hell knight burns you.
* * * LOW HITPOINT WARNING * * *
The hell knight hits you with a +2 flail of flaming!
You die...

#≈≈...## §≈§....#
§§§# ≈≈.\..## ≈§≈≈
#§≈.### .§≈§≈ ####.#
.≈§§≈ ##.## [≈≈≈
#.####### #### #.§
#...#...###..###p#
#.............#@#
##...≈§≈≈○○○§...##
#...≈≈§≈≈☼☼☼§.....#
...§≈§§≈§☼○§○≈≈....#
...≈§§§§§§○○☼≈....##
...§≈§≈§≈○○☼°≈≈....#
...≈≈§≈§≈§○☼○....###
...§§≈≈§≈☼☼§○.....
##.....§........###


You could see a hell knight (fast).

Vanquished Creatures
  An orc knight (D:10)
  An ugly thing (Volcano)
  3 cane toads (Lair:1)
  A komodo dragon (Lair:1)
  A troll (D:10)
  A hippogriff (D:7)
  A vampire (D:9)
  A shadow (D:9)
  10 yaks
  2 wyverns (D:8)
  3 water moccasins
  3 porcupines (Lair:1)
  A hell hound (Volcano)
  2 ice beasts
  4 orc warriors
  A necrophage (D:9)
  6 ogres
  A centaur (D:4)
  3 crocodiles
  Blork the orc (D:5)
  A big kobold (D:10)
  17 bullfrogs
  11 scorpions
  5 killer bees (D:8)
  2 howler monkeys
  10 wights
  3 jellies
  A centaur zombie (Ossuary)
  A quasit (D:9)
  A bullfrog zombie (D:9)
  9 orc priests
  3 hounds
  A gnoll shaman (D:6)
  11 orc wizards
  A centaur skeleton (D:8)
  5 human zombies (Ossuary)
  3 bullfrog skeletons
  An iguana (D:8)
  8 worker ants
  A killer bee zombie (D:8)
  2 big kobold zombies (Ossuary)
  3 mummies (Ossuary)
  2 hound zombies
  12 adders
  8 gnolls
  3 scorpion zombies (Ossuary)
  A white imp (D:9)
  An ufetubus (D:7)
  3 oozes
  3 adder skeletons
  An adder zombie (D:9)
  4 worms
  4 leopard geckos
  50 orcs
  A giant cockroach (D:5)
  2 gnoll zombies (Ossuary)
  6 goblins
  14 hobgoblins
  5 jackals
  8 quokkas
  4 ball pythons
  7 bats
  6 frilled lizards
  A goblin zombie (Ossuary)
  A hobgoblin zombie (Ossuary)
  13 kobolds
  2 kobold zombies (Ossuary)
  An orc zombie (Ossuary)
  A quokka skeleton (D:4)
  3 quokka zombies
  5 rats
  A plant (Lair:1)
320 creatures vanquished.

Vanquished Creatures (others)
  A bullfrog (D:9)
  A scorpion (Ossuary)
  A kobold zombie (Ossuary)
  7 fungi (Lair:1)
  7 plants
17 creatures vanquished.

Grand Total: 337 creatures vanquished

Notes
Turn   | Place    | Note
-------+----------+-------------------------------------------
     0 | D:1      | MrRokkomies the Palentonga Fighter began the quest for the
                  | Orb.
     0 | D:1      | Reached XP level 1. HP: 20/20 MP: 1/1
   331 | D:1      | Reached XP level 2. HP: 27/27 MP: 2/2
   656 | D:1      | Reached XP level 3. HP: 31/33 MP: 3/3
  1225 | D:2      | Reached skill level 3 in Axes
  1485 | D:2      | Reached XP level 4. HP: 31/42 MP: 4/4
  2271 | D:2      | Found a sparkling altar of Nemelex Xobeh.
  2741 | D:3      | Reached XP level 5. HP: 22/50 MP: 5/5
  3485 | D:4      | Reached skill level 4 in Axes
  3700 | D:4      | Found a sand-covered staircase.
  3714 | Ossuary  | Entered an ossuary
  3727 | Ossuary  | Reached XP level 6. HP: 56/58 MP: 6/6
  3736 | Ossuary  | Reached skill level 5 in Fighting
  3860 | Ossuary  | Reached skill level 5 in Axes
  3985 | Ossuary  | Reached XP level 7. HP: 65/65 MP: 7/7
  4289 | Ossuary  | Reached skill level 6 in Axes
  4740 | D:4      | Reached XP level 8. HP: 72/75 MP: 8/8
  5060 | D:4      | Found a hazy altar of Hepliaklqana.
  5093 | D:5      | Entered Level 5 of the Dungeon
  5671 | D:5      | Noticed Blork the orc
  5683 | D:5      | Killed Blork the orc
  5683 | D:5      | Reached skill level 7 in Axes
  6540 | D:6      | Reached skill level 5 in Armour
  6655 | D:6      | Reached XP level 9. HP: 86/86 MP: 9/9
  7118 | D:7      | Reached skill level 8 in Axes
  7134 | D:7      | Found a staircase to the Ecumenical Temple.
  7147 | Temple   | Entered the Ecumenical Temple
  7406 | Temple   | Became a worshipper of Ru the Awakened
  7953 | D:7      | Reached skill level 1 in Dodging
  8289 | D:7      | Reached skill level 9 in Axes
  8936 | D:8      | Reached XP level 10. HP: 91/97 MP: 10/10
  9072 | D:8      | Gained mutation: You are somewhat inexperienced. (-2 XL)
                  | [Ru sacrifice]
  9072 | D:8      | Reached XP level 9. HP: 89/89 MP: 9/9
  9072 | D:8      | Reached XP level 8. HP: 83/83 MP: 8/8
  9072 | D:8      | Reached * piety under Ru
  9072 | D:8      | Reached ** piety under Ru
  9893 | D:9      | Reached XP level 9. HP: 82/89 MP: 9/9
  9921 | D:9      | Reached skill level 10 in Axes
 11149 | D:10     | Entered Level 10 of the Dungeon
 11625 | D:10     | Gained mutation: You are somewhat unskilled. (-1 Apt) [Ru
                  | sacrifice]
 11625 | D:10     | Reduced skill Axes to level 9
 11625 | D:10     | Reached *** piety under Ru
 11746 | D:10     | Noticed a troll
 11748 | D:10     | Found a staircase to the Lair.
 11753 | D:10     | Killed a troll
 11957 | D:10     | Found a runed translucent door.
 11957 | D:10     | Noticed an orc knight
 11958 | D:10     | Noticed a flayed ghost
 11965 | D:10     | Killed an orc knight
 11965 | D:10     | Reached XP level 10. HP: 14/97 MP: 10/10
 12301 | D:10     | Noticed a centaur warrior
 12475 | D:11     | Reached skill level 5 in Dodging
 12475 | D:11     | Reached skill level 10 in Axes
 12559 | D:11     | Found a radiant altar of Vehumet.
 12604 | Lair:1   | Entered Level 1 of the Lair of Beasts
 12606 | Lair:1   | Noticed a cane toad
 12609 | Lair:1   | Killed a cane toad
 12714 | Lair:1   | Noticed a cane toad
 12733 | Lair:1   | Killed a cane toad
 12936 | Lair:1   | Reached skill level 1 in Evocations
 13098 | Lair:1   | Noticed a cane toad
 13104 | Lair:1   | Killed a cane toad
 14077 | Lair:2   | Found a dark tunnel.
 14088 | Volcano  | Entered a volcano
 14139 | Volcano  | Noticed a red ugly thing
 14139 | Volcano  | Noticed a hell knight
 14154 | Volcano  | Killed a red ugly thing
 14164 | Volcano  | Slain by a hell knight

Illustrated notes

Levels and vault maps discovered:
D:1:      evilmike_arrival_fibonacci_small, layout_basic, hangedman_decor_points
D:2:      layout_loops_corners, nemelex_spade_bored_becter
D:3:      layout_basic
D:4:      layout_basic, lemuel_coloured_pillars_altar,
          chequers_ossuary_entry_cave
D:5:      layout_basic, moated_statue, serial_bayou_pond_b, uniq_blork_the_orc
D:6:      layout_basic
D:7:      layout_rooms, minmay_temple_entry_glass, serial_corexii_hall,
          corexii_hall_statues_i, chequers_hall_statues_wall_a, st_stairs_3
D:8:      layout_loops_ring
D:9:      layout_long_grid
D:10:     layout_rooms, lair_entry_dummy, kennysheep_crisscross,
          chequers_serial_rivers_large_a, minivault_13
D:11:     layout_irregular_city, basic_altar, grunt_potential
Temple:   roderic_octagonal_lattice_temple
Lair:1:   layout_loops_ring, grunt_megastairs_2
Lair:2:   layout_regular_city, palyth_hydra_swamp_entry,
          nicolae_volcano_entry_lava_flow, infiniplex_staircase_pool_2
Volcano:  volcano_pools

Skill      XL: |  1  2  3  4  5  6  7  8  9 10 |
---------------+-------------------------------+-----
Axes           | 3 4 5 6 7 9 10 | 10.5
Fighting       | 4 5 6 8 9 |  9.6
Armour         | 3 4 5 |  5.0
Dodging        | 4 2 5 |  5.8
Evocations     | 1 |  1.9
Shields        | |  2.1

Action                   |  1- 3 |  4- 6 |  7- 9 | 10-12 || total
-------------------------+-------+-------+-------+-------++-------
Melee: War axe           |    48 |       |       |       ||    48
       Tailslap          |    11 |    22 |    59 |    10 ||   102
       Dagger            |    47 |   134 |       |       ||   181
       Hand axe          |       |    71 |   238 |       ||   309
       Battleaxe         |       |       |   275 |   125 ||   400
Throw: Dart              |       |     2 |    24 |       ||    26
Invok: Sacrifice Experie |       |       |     1 |       ||     1
       Sacrifice Skill   |       |       |     1 |       ||     1
       Draw Out Power    |       |       |       |     1 ||     1
  Use: Scroll            |       |     8 |     9 |     7 ||    24
       Potion            |       |     1 |     3 |     2 ||     6
 Stab: Distracted        |       |       |     1 |       ||     1
       Invisible         |       |       |       |     1 ||     1
Armor: Scale mail        |    46 |   129 |    77 |       ||   252
       Leather armour    |       |       |    89 |    17 ||   106
       Chain mail        |       |       |    33 |       ||    33
       Robe              |       |       |       |     5 ||     5
Dodge: Dodged            |    17 |    41 |   175 |    55 ||   288
Block: Kite shield       |    30 |    95 |   142 |       ||   267
       Other             |       |       |    75 |    22 ||    97
       Reflection        |       |       |    11 |       ||    11

Table legend: (Time is in decaauts)
 A = Elapsed time spent in this place.
 B = Non-inter-level travel time spent in this place.
 C = Inter-level travel time spent in this place.
 D = Time resting spent in this place.
 E = Time spent auto-exploring this place.
 F = Levels seen in this place.
 G = Mean time per level.
                   A        B        C        D        E       F      G
               +--------+--------+--------+--------+--------+-----+--------+
         Total |  14312 |  13698 |    614 |   1519 |   9982 |  16 |  894.5 |
       Dungeon |  11554 |  10991 |    563 |   1300 |   8000 |  11 | 1050.4 |
        Temple |    509 |    472 |     37 |    208 |    239 |   1 |  509.0 |
          Lair |   1496 |   1483 |     13 |      0 |   1331 |   2 |  748.0 |
       Ossuary |    672 |    672 |      0 |     11 |    394 |   1 |  672.0 |
       Volcano |     79 |     79 |      0 |      0 |     18 |   1 |   79.0 |
               +--------+--------+--------+--------+--------+-----+--------+

Top non-repeatable levels by time:
  Lair:1: 1473 daAuts
     D:2: 1356 daAuts
    D:10: 1348 daAuts
     D:9: 1324 daAuts
     D:8: 1276 daAuts
     D:3: 1123 daAuts
     D:4: 1078 daAuts
     D:5: 1034 daAuts
     D:1: 1028 daAuts
     D:7: 983 daAuts
     D:6: 894 daAuts
 Ossuary: 672 daAuts
  Temple: 509 daAuts
    D:11: 104 daAuts
 Volcano: 79 daAuts
